 Dungeon Crawl Stone Soup version 0.28-a0-1199-gef9e1dbd39 (webtiles) character file.

Game seed: 3344970643143611660

151 bearlyready the Changer (level 5, -2/35 (37) HPs)
             Began as a Merfolk Transmuter on Dec 19, 2021.
             Slain by a wight (8 damage)
             ... on level 4 of the Dungeon.
             The game lasted 00:03:55 (3028 turns).

bearlyready the Changer (Merfolk Transmuter)        Turns: 3028, Time: 00:03:55

HP:   -2/35 (37)    AC:  2    Str: 11    XL:     5   Next: 33%
MP:   3/8           EV: 20    Int: 14    God:
Gold: 113           SH:  0    Dex: 19    Spells: 2/8 levels left

rFire   . . .      SeeInvis .     - Unarmed
rCold   . . .      Faith    .   (shield currently unavailable)
rNeg    . . .      Spirit   .   (armour currently unavailable)
rPois   x          Reflect  .   (helmet currently unavailable)
rElec   .          Harm     .   (cloak currently unavailable)
rCorr   .          Rampage  .   (gloves currently unavailable)
Will    .....                   (boots currently unavailable)
Stlth   ++........              (no amulet)
HPRegen 0.11/turn               (no ring)
MPRegen 0.11/turn               (no ring)

@: spider-form (expiring), wereblooded, drained
A: venomous fangs, tiny, (nimble swimmer 2), (mertail)
a: End Transformation


You were on level 4 of the Dungeon.
You were a venomous arachnid creature.
You visited 1 branch of the dungeon, and saw 4 of its levels.

You collected 113 gold pieces.

Inventory:

Armour
 a - a +0 robe
 c - a +1 robe of fire resistance (melded)
 g - a scarf of resistance (melded)
Scrolls
 d - a scroll of identify {unknown}
 h - 3 scrolls of amnesia {unknown}
 i - a scroll of fog {unknown}
 j - 2 scrolls of enchant armour {unknown}
Potions
 b - a potion of mutation {unknown}
 e - 3 potions of haste {unknown}
 f - a potion of heal wounds {unknown}
 k - a potion of flight {unknown}
 l - a potion of cancellation {unknown}


   Skills:
 - Level 1.1 Fighting
 - Level 2.6 Dodging
 + Level 4.8 Unarmed Combat
 - Level 2.0 Spellcasting
 + Level 4.9 Transmutations
 + Level 2.1 Poison Magic


You had 2 spell levels left.
You knew the following spells:

 Your Spells              Type           Power      Damage    Failure   Level
a - Beastly Appendage     Tmut           30%        N/A       11%         1
b - Wereblood             Tmut           15%        N/A       14%         2
c - Spider Form           Tmut/Pois      11%        N/A       36%         3

Your spell library contained the following spells:

 Spells                   Type           Power      Damage    Failure   Level
 Animate Skeleton         Necr           2%         N/A       45%         1
 Apportation              Tloc           2%         N/A       45%         1
 Summon Small Mammal      Summ           4%         N/A       45%         1
 Ice Form                 Ice/Tmut       8%         N/A       83%         4


Dungeon Overview and Level Annotations

Branches:
Dungeon (4/15)
 Temple: D:4-7

Altars:


Innate Abilities, Weirdness & Mutations

You are a venomous arachnid creature.
You have poisonous fangs.
You are tiny and dextrous.
Your spellcasting is less reliable in this form.
Your armour is entirely melded.
You are incapable of wielding weapons or throwing items.
((You are quick and stealthy near water. (Stealth+, EV+, Speed+++)))
((Your lower body shifts to a powerful aquatic tail in water.))


Message History

You turn into a venomous arachnid creature.
Your scarf of resistance melds into your body.
Your +1 robe of fire resistance melds into your body.
You feel hot and cold all over.
You feel less resistant to fire. The quokka completely misses you.
You hit the quokka.
The quokka is poisoned.
The quokka is almost dead.
You kill the quokka!
You bite the wight!
The wight is heavily damaged.
The wight completely misses you.
You barely miss the wight.
The wight is heavily damaged.
The wight completely misses you.
You hit the wight.
The wight is severely damaged.
The wight hits you with a +0 short sword.
You bite the wight!
You feel a bit better.
You destroy the wight!
Your Poison Magic skill increases to level 2!
You have reached level 5!
You feel stronger.
You hit the wight.
The wight is lightly damaged.
The wight misses you.
You hit the wight.
The wight is moderately damaged.
The wight misses you.
You hit the wight.
The wight is heavily damaged.
The wight hits you with a +0 scimitar!
You hit the wight but do no damage.
The wight is heavily damaged.
Your transformation is almost over.
You hit the wight but do no damage.
The wight is heavily damaged.
The wight hits you with a +0 scimitar!!
* * * LOW HITPOINT WARNING * * *
You feel drained.
You die...

#...z.......^####
#......z.........
#............##
#########.#### #.#
# #.# # #z# # #z#
# #s# # #.# # #.#
# #.# #
#.################
#.................
##################


You could see 2 wights.

Vanquished Creatures
  A wight (D:4)
  A jelly (D:3)
  An adder (D:2)
  A white imp (D:3)
  A dart slug (D:1)
  An orc (D:3)
  4 bats
  5 endoplasms
  A giant cockroach (D:1)
  2 goblins (D:1)
  7 hobgoblins
  4 jackals (D:1)
  3 quokkas
  6 ball pythons
  7 frilled lizards
  6 kobolds
  10 rats
61 creatures vanquished.

Notes
Turn   | Place    | Note
-------+----------+-------------------------------------------
     0 | D:1      | bearlyready the Merfolk Transmuter began the quest for the
                  | Orb.
     0 | D:1      | Reached XP level 1. HP: 15/15 MP: 3/3
   166 | D:1      | Reached XP level 2. HP: 17/21 MP: 3/5
   599 | D:1      | Reached XP level 3. HP: 24/26 MP: 6/6
   969 | D:2      | Learned a level 2 spell: Wereblood
   973 | D:2      | Learned a level 3 spell: Spider Form
  1331 | D:2      | You fall into a shaft and drop 1 floor!
  1544 | D:3      | Reached XP level 4. HP: 15/32 MP: 3/7
  1803 | D:2      | Found a faded altar of an unknown god.
  2060 | D:2      | Reached skill level 1 in Poison Magic
  3024 | D:4      | Reached XP level 5. HP: 35/37 MP: 2/8
  3028 | D:4      | Slain by a wight

Illustrated notes

Levels and vault maps discovered:
D:1:      amcnicky_arrival_gap_in_the_tavern_cellar, layout_basic,
          grunt_decor_one_mirror
D:2:      layout_basic, chequers_ecumenical_altar_simple, minivault_4
D:3:      layout_loops_ring
D:4:      layout_basic, lemuel_tele_altar, serial_shops, shop

Skill      XL: |  1  2  3  4 |
---------------+-------------+-----
Transmutations | 3 4 |  4.9
Unarmed Combat | 4 |  4.8
Poison Magic   | 2 |  2.1
Fighting       | |  1.1
Dodging        | |  2.6
Spellcasting   | |  2.0

Action                   |  1- 3 |  4- 6 || total
-------------------------+-------+-------++-------
Melee: Unarmed           |   102 |    50 ||   152
       Headbutt          |     8 |     1 ||     9
       Punch             |     1 |     2 ||     3
 Cast: Beastly Appendage |    10 |     1 ||    11
       Spider Form       |     2 |     4 ||     6
       Wereblood         |       |     1 ||     1
 Stab: Sleeping          |     2 |     1 ||     3
Armor: Robe              |    20 |     8 ||    28
       Skin              |       |     2 ||     2
Dodge: Dodged            |    63 |    28 ||    91

Table legend: (Time is in decaauts)
 A = Elapsed time spent in this place.
 B = Non-inter-level travel time spent in this place.
 C = Inter-level travel time spent in this place.
 D = Time resting spent in this place.
 E = Time spent auto-exploring this place.
 F = Levels seen in this place.
 G = Mean time per level.
                   A        B        C        D        E       F      G
               +--------+--------+--------+--------+--------+-----+--------+
         Total |   3013 |   2896 |    117 |      0 |   2448 |   4 |  753.2 |
       Dungeon |   3013 |   2896 |    117 |      0 |   2448 |   4 |  753.2 |
               +--------+--------+--------+--------+--------+-----+--------+

Top non-repeatable levels by time:
     D:3: 1108 daAuts
     D:1: 954 daAuts
     D:2: 857 daAuts
     D:4: 93 daAuts
